[Event "*** SCC Grand Prix: Titled Tuesday Blitz"]
[Site "Chess.com"]
[Date "2020.07.14"]
[Round "5"]
[White "Shield12"]
[Black "Firouzja2003"]
[Result "1-0"]
[WhiteElo "2856"]
[BlackElo "3065"]
[TimeControl "180+1"]
[EndTime "10:56:36 PDT"]
[Termination "Shield12 won by resignation"]

1. e4 c5 2. Nf3 d6 3. Bb5+ Nd7 4. Ba4 a6 5. c4 e5 6. Nc3 Ne7 7. O-O Ng6 8. a3 Be7 9. b4 O-O 10. d3 Nb6 11. Bc2 f5 12. bxc5 dxc5 13. h3 f4 14. Rb1 Nd7 15. Nd5 Bd6 16. a4 Ne7 17.
Bb2 Nc6 18. Re1 Nd4 19. Bxd4 exd4 20. e5 Be7 21. Qd2 Nb8 22. Nxf4 Bg5 23. Nxg5 Qxg5 24. e6 Nc6 25. g3 Ne7 26. h4 Qf5 27. Bd1 Ng6 28.
Nxg6 hxg6 29. e7 Re8 30. Qg5 Qxd3 31. Rb6 Bf5 32. h5 Qc3 33. Rf1 Qd3 34. hxg6 Bxg6 35. Rxg6 Rxe7 36. Qxe7 Qxg6 37. Qxb7 Rd8 38. Bf3 Qf6 39.
Bd5+ Kf8 40. Kg2 g5 41. Rh1 d3 42. Rh8+ 1-0

[Event "*** SCC Grand Prix: Titled Tuesday Blitz"]
[Site "Chess.com"]
[Date "2020.07.14"]
[Round "5"]
[White "lucachess49"]
[Black "Onegust"]
[Result "1-0"]
[WhiteElo "2426"]
[BlackElo "2583"]
[TimeControl "180+1"]
[EndTime "10:56:36 PDT"]
[Termination "lucachess49 won by checkmate"]

1. d4 Nf6 2. c4 e6 3. Nc3 Bb4 4. e3 O-O 5. Ne2 Re8 6. a3 Bf8 7. Ng3 d6 8. Be2 e5 9. O-O Nc6 10. d5 Ne7 11. e4 Ng6 12. h3 Nf4 13. Bg4 Nxg4 14. hxg4 Qg5 15. f3 g6 16. Nge2 Qf6 17.
Nxf4 exf4 18. Ne2 g5 19. Bd2 Bg7 20. Bc3 Re5 21. Kf2 h5 22. gxh5 g4 23. fxg4 Bxg4 24. Kg1 Qh4 25. Qe1 Qxe1 26. Raxe1 Rxe4 27. Bxg7 Rxe2 28. Bc3 Bxh5 29. Rxe2 Bxe2 30. Rxf4 Re8 31. Kf2 Bd3 32. Rd4 Bg6 33. Kg3 Re3+ 34. Kf4 Re8 35. g3 Re2 36. Rd1 Rf2+ 37. Ke3 Rg2 38. Kf3 Rc2 39. Rh1 Kf8 40. Bf6 Ke8 41. Rh8+ Kd7 42.
Rd8# 1-0

[Event "*** SCC Grand Prix: Titled Tuesday Blitz"]
[Site "Chess.com"]
[Date "2020.07.14"]
[Round "5"]
[White "tamarozi99"]
[Black "sergivila"]
[Result "0-1"]
[WhiteElo "2018"]
[BlackElo "2360"]
[TimeControl "180+1"]
[EndTime "10:56:36 PDT"]
[Termination "sergivila won by resignation"]

1. e4 c5 2. Nf3 d6 3. Bb5+ Nd7 4. d4 cxd4 5. Qxd4 a6 6. Bxd7+ Bxd7 7. c4 e5 8. Qd3 Rc8 9. O-O Qc7 10. b3 b5 11.
Na3 Qb7 12. Bd2 Nf6 13. Rfe1 Bc6 14. cxb5 axb5 15. Rac1 Be7 16. Nxb5 O-O 17. Nc3 Rfd8 18. Bg5 Ng4 19. Bxe7 Qxe7 20. h3 Nf6 21. Nd5 Bxd5 22. Rxc8 Rxc8 23. exd5 Qb7 24. Nd2 Nxd5 25. Qe4 Qc6 26.
Nc4 Nb4 27. Qxc6 Rxc6 28. Rd1 Nxa2 29. Rxd6 Rxd6 30. Nxd6 Kf8 31. Nc4 f6 32. Kf1 Ke7 33. Ke2 Ke6 34. Kd3 Kd5 35. Ne3+ Kc5 36. Nc2 f5 37. f3 Kb5 38. Ke3 Nb4 39. Kd2 Nd5 40.
Kd3 Nf4+ 41. Ke3 Nxg2+ 42. Kf2 Nf4 43. h4 h5 44. Ke3 Ng2+ 45. Kd3 Nxh4 46. Ne3 g6 47.
Nc4 Nxf3 48. Ke3 e4 49. Ne5 Nxe5 0-1

[Event "*** SCC Grand Prix: Titled Tuesday Blitz"]
[Site "Chess.com"]
[Date "2020.07.14"]
[Round "5"]
[White "Joseacorrea"]
[Black "harlem4brew"]
[Result "1/2-1/2"]
[WhiteElo "1942"]
[BlackElo "2106"]
[TimeControl "180+1"]
[EndTime "10:56:37 PDT"]
[Termination "Game drawn by repetition"]

1. c4 e5 2. Nc3 Nf6 3. g3 d5 4.
cxd5 Nxd5 5. Bg2 Be6 6. Nf3 Nd7 7. O-O c6 8. d4 Nxc3 9. bxc3 exd4 10. Nxd4 Bc4 11.
Qa4 Nb6 12. Qc2 Be7 13. Rd1 O-O 14. Nxc6 bxc6 15. Rxd8 Raxd8 16. Be3 Bf6 17. Bxc6 Rc8 18. Be4 h6 19. Bxb6 axb6 20. Rb1 b5 21. a4 bxa4 22.
Qxa4 Bxe2 23. Qc2 Bg4 24. c4 Be6 25. c5 Rfd8 26. c6 Rd6 27. Rd1 Be7 28. Rxd6 Bxd6 29. Kg2 Bc7 30. Bf5 Bd5+ 31. f3 Re8 32. Bd7 Re3 33.
Qd2 Bxf3+ 34. Kf2 Re2+ 35. Qxe2 Bxe2 36. Kxe2 Kf8 37. Ke3 Ke7 38. Kd4 f6 39. Kc5 g5 40.
Kb5 h5 41. Ka6 Kd6 42. Kb7 h4 43. gxh4 gxh4 44. h3 Ba5 45. Bg4 Bc7 46. Bf5 Bd8 47. Bg4 Ba5 48. Bf5 Bc7 49. Bg4 Ba5 50. Bf5 Bd8 51. Bg4 Bc7 52. Bf5 Ba5 53. Bg4 Bc7 1/2-1/2

[Event "*** SCC Grand Prix: Titled Tuesday Blitz"]
[Site "Chess.com"]
[Date "2020.07.14"]
[Round "5"]
[White "Angry_Twin"]
[Black "Artem_Sadovsky"]
[Result "1-0"]
[WhiteElo "2768"]
[BlackElo "2548"]
[TimeControl "180+1"]
[EndTime "10:56:38 PDT"]
[Termination "Angry_Twin won on time"]

1. e4 g6 2. d4 Bg7 3. Nc3 d6 4. f4 a6 5. Nf3 b5 6. Bd3 b4 7. Ne2 Bb7 8. Ng3 h5 9. O-O h4 10. Nh1 c5 11. c3 cxd4 12. cxd4 Nf6 13. Nf2 Qb6 14. Be3 d5 15. e5 Ne4 16. Bxe4 dxe4 17.
Ng5 Nc6 18. Qb3 O-O 19. Rfd1 Na5 20. Qc2 Rac8 21. Qe2 b3 22. axb3 Nxb3 23. d5 Qb4 24. Ra3 Rfd8 25. Qg4 Rxd5 26. Qxh4 Rxd1+ 27. Nxd1 Bh6 28.
Rxb3 Qxb3 29. Qxh6 Qxd1+ 30. Kf2 Rc2+ 31. Kg3 Qe1+ 32.
Kg4 Bc8+ 33. e6 Qe2+ 34. Kh4 Qh5+ 35. Qxh5 gxh5 36. exf7+ Kf8 37. Bd4 Rxg2 38. h3 Bf5 39. Kxh5 e5 40. Bc5+ 1-0

[Event "*** SCC Grand Prix: Titled Tuesday Blitz"]
[Site "Chess.com"]
[Date "2020.07.14"]
[Round "5"]
[White "elamier"]
[Black "Stormeman100100"]
[Result "0-1"]
[WhiteElo "2306"]
[BlackElo "2443"]
[TimeControl "180+1"]
[EndTime "10:56:38 PDT"]
[Termination "Stormeman100100 won on time"]

1. d4 Nf6 2. Bg5 g6 3. Bxf6 exf6 4. e3 Bg7 5. c4 O-O 6. Nc3 b6 7. Nf3 Bb7 8. Be2 f5 9. O-O d6 10. d5 Nd7 11. Qd2 Nf6 12. Nd4 Re8 13. Bd3 Qd7 14. Rae1 Ng4 15. Be2 Ne5 16. f4 Ng4 17. Bxg4 fxg4 18. e4 Re7 19. Kh1 Rae8 20. Qd3 a6 21. Re2 h5 22. Rfe1 h4 23. b3 Bh6 24. e5 Qd8 25. e6 f5 26. Nxf5 gxf5 27.
Qxf5 Rg7 28. Rf1 Rf8 29. Qh5 Qf6 30. Ne4 Qg6 31. Qxh4 c6 32. Nxd6 Ba8 33. f5 Qg5 34. Qxg5 Bxg5 35. dxc6 Bxc6 36. Ne4 g3 37. Nxg5 Rxg5 38.
f6 Rh5 39. f7+ Kg7 0-1

[Event "*** SCC Grand Prix: Titled Tuesday Blitz"]
[Site "Chess.com"]
[Date "2020.07.14"]
[Round "5"]
[White "tlomigtlis"]
[Black "andy_rekt"]
[Result "1-0"]
[WhiteElo "2428"]
[BlackElo "2294"]
[TimeControl "180+1"]
[EndTime "10:56:38 PDT"]
[Termination "tlomigtlis won on time"]

1. d4 e6 2. c4 Nf6 3. Nc3 Bb4 4. Qc2 O-O 5. a3 Bxc3+ 6. Qxc3 Ne4 7. Qc2 f5 8. f3 Qh4+ 9. g3 Nxg3 10. hxg3 Qxh1 11.
Be3 f4 12. gxf4 Qh4+ 13. Bf2 Qxf4 14. e3 Qf7 15. Bd3 g6 16. O-O-O d5 17. f4 c6 18. Nf3 Nd7 19. Ng5 Qe7 20. Rh1 Nf6 21. Bh4 Qg7 22. Rg1 Kh8 23. Nf3 dxc4 24. Bxc4 Nd5 25. Bd3 Nxe3 26. Qh2 Nf5 27. Ne5 Kg8 28. Bg5 c5 29.
Bxf5 Rxf5 30. dxc5 Qc7 31. Rd1 Qxc5+ 32. Kb1 Rf8 33. Qh6 Qc7 34. Ng4 Qg7 35. Qh4 e5 36. Nf6+ Kh8 37. Rh1 Bf5+ 38. Ka1 h5 39. fxe5 Rfd8 40.
Nxh5 gxh5 41. Bf6 Bg4 42. Bxg7+ Kxg7 43. Qf6+ Kh7 44. Re1 Re8 45. e6 1-0

[Event "*** SCC Grand Prix: Titled Tuesday Blitz"]
[Site "Chess.com"]
[Date "2020.07.14"]
[Round "5"]
[White "ChessLover0108"]
[Black "FontVella8"]
[Result "0-1"]
[WhiteElo "2666"]
[BlackElo "2520"]
[TimeControl "180+1"]
[EndTime "10:56:39 PDT"]
[Termination "FontVella8 won on time"]

1. d4 Nf6 2. c4 b6 3. Nf3 Bb7 4. g3 g6 5. Nc3 Bg7 6. Qc2 O-O 7. Bg2 d6 8. O-O Nbd7 9. e4 e5 10. Rd1 Qc8 11. b3 a5 12. Bb2 exd4 13. Nxd4 Nc5 14. Re1 Re8 15. Rad1 Ne6 16. Nd5 Nxd4 17. Bxd4 Nxd5 18.
cxd5 Qd7 19. Bxg7 Kxg7 20. Qc3+ f6 21. Rc1 Re7 22. Qd4 Rae8 23. Rc3 Qd8 24. Rec1 Rf7 25.
h4 Bc8 26. a3 Kg8 27. b4 axb4 28. axb4 f5 29. exf5 Bxf5 30. b5 Re5 31. Ra3 Qe8 32. Rca1 Qxb5 33. Ra8+ Re8 34. h5 gxh5 35. Qe3 Rff8 36.
Qg5+ Bg6 37. Rxe8 Qxe8 38. Bh3 Qe2 39. Be6+ Kh8 40. f4 Be4 41. Bh3 Qe3+ 42. Kf1 Qd3+ 43. Ke1 Qc3+ 0-1

[Event "*** SCC Grand Prix: Titled Tuesday Blitz"]
[Site "Chess.com"]
[Date "2020.07.14"]
[Round "5"]
[White "TokChess"]
[Black "chargemax23"]
[Result "1-0"]
[WhiteElo "2442"]
[BlackElo "2660"]
[TimeControl "180+1"]
[EndTime "10:56:39 PDT"]
[Termination "TokChess won on time"]

1. Nf3 g6 2. d4 Bg7 3. Nc3 d5 4. Bf4 c6 5. h4 h5 6. e3 Bf5 7.
Bd3 e6 8. Ne5 Nd7 9. Bxf5 exf5 10. Qd3 Ngf6 11. O-O-O Qe7 12. Kb1 Ne4 13. Nxe4 fxe4 14.
Qb3 Nxe5 15. Bxe5 Bxe5 16. dxe5 O-O-O 17. Rd4 Qxe5 18. Rhd1 Rhe8 19. Qa4 a6 20. g3 f6 21. Qb4 g5 22. c4 gxh4 23. gxh4 Qc7 24. cxd5 c5 25.
d6 Rxd6 26. Rxd6 cxb4 27. Rc1 Rg8 28. Rxc7+ Kxc7 29. Rxf6 Rg4 30. Rf4 Rxf4 31. exf4 Kd6 32. Kc2 Ke6 33. Kd2 Kf5 34. Ke3 a5 35. f3 exf3 36. Kxf3 b6 37. b3 b5 38. Ke3 Kg4 39.
Ke4 Kxh4 40. f5 Kg5 41. Ke5 h4 42. f6 Kg6 43. Ke6 h3 44. f7 h2 45. f8=Q 1-0

[Event "*** SCC Grand Prix: Titled Tuesday Blitz"]
[Site "Chess.com"]
[Date "2020.07.14"]
[Round "5"]
[White "Pintacara"]
[Black "Mikasinski"]
[Result "0-1"]
[WhiteElo "2320"]
[BlackElo "2493"]
[TimeControl "180+1"]
[EndTime "10:56:39 PDT"]
[Termination "Mikasinski won on time"]

1. d4 Nf6 2. Bg5 Ne4 3. Bh4 d5 4. f3 Nf6 5. Nc3 e6 6. e4 dxe4 7. fxe4 Be7 8. Bf2 b6 9. Nf3 Bb7 10. Bd3 Ng4 11. Bg1 O-O 12. h3 Bh4+ 13. Kf1 Nh6 14. Be3 f5 15. Bxh6 fxe4 16. Bxe4 Bxe4 17. Nxe4 gxh6 18. Ke2 Bf6 19. c3 Qd5 20. Qd3 Nd7 21.
g4 Bg7 22. Raf1 Rf4 23. Nfd2 Raf8 24. Rxf4 Rxf4 25. Rf1 Rxf1 26. Nxf1 Qxa2 27. Qc2 c5 28. dxc5 bxc5 29. Ne3 Qa6+ 30. Kf2 Qc6 31. Nc4 Qd5 32. Qe2 Nb6 33. Ncd2 c4 34. Qe3 Qe5 35. Nf3 Qb5 36.
g5 Qxb2+ 37. Kg3 Nd5 38. Qc5 Qb8+ 39. Kf2 Qc7 0-1

[Event "*** SCC Grand Prix: Titled Tuesday Blitz"]
[Site "Chess.com"]
[Date "2020.07.14"]
[Round "5"]
[White "exoticprincess"]
[Black "Sanan_Sjugirov"]
[Result "1-0"]
[WhiteElo "2813"]
[BlackElo "2970"]
[TimeControl "180+1"]
[EndTime "10:56:41 PDT"]
[Termination "exoticprincess won on time"]

1. d4 Nf6 2. c4 e6 3. Nc3 Bb4 4. e3 O-O 5. Ne2 d5 6. a3 Be7 7.
cxd5 exd5 8. b4 c6 9. Nf4 Re8 10.
Bd3 Nbd7 11. O-O Bd6 12. Rb1 Nf8 13. b5 Ng6 14. Nxg6 hxg6 15. bxc6 bxc6 16. f3 c5 17. Kh1 cxd4 18. exd4 Bxh2 19. Kxh2 Qc7+ 20. Kg1 Qxc3 21. Bb5 Re7 22. Rb3 Qc7 23. Bg5 Bf5 24. Qc1 Qd8 25.
Re1 Rc8 26. Rc3 Rxe1+ 27. Qxe1 Rb8 28. Bf1 Qb6 29. Qd2 Re8 30. Re3 Rc8 31. Rc3 Rxc3 32. Qxc3 Qb1 33. Kf2 Kh7 34. g4 Be6 35. Qd2 Nd7 36. Bd3 Qb6 37. Kg3 Kg8 38. Qc3 Nf8 39. Be7 Bd7 40. Qc5 Qb8+ 41. Bd6 Qe8 42. Qxd5 Ne6 43.
Be5 Bc6 44. Qd6 Ba8 45. Bc4 Nf8 46. Qb8 1-0

[Event "*** SCC Grand Prix: Titled Tuesday Blitz"]
[Site "Chess.com"]
[Date "2020.07.14"]
[Round "5"]
[White "Oleksandr_Bortnyk"]
[Black "AlexOstrovskiy"]
[Result "1-0"]
[WhiteElo "2928"]
[BlackElo "2627"]
[TimeControl "180+1"]
[EndTime "10:56:41 PDT"]
[Termination "Oleksandr_Bortnyk won by resignation"]

1. e4 c6 2. c4 d5 3. cxd5 cxd5 4. exd5 Nf6 5. Qa4+ Nbd7 6. Nc3 g6 7. Bc4 a6 8. Nf3 Bg7 9. d3 O-O 10. Qa3 Nb6 11.
Qb3 Nxc4 12. dxc4 b5 13. cxb5 Nxd5 14. O-O Nxc3 15. bxc3 axb5 16. Bg5 Qc7 17. Rfe1 e6 18. Nd4 Bb7 19. Nxb5 Qc6 20. f3 Rfc8 21. a4 Ba6 22.
Rab1 Bxc3 23. Nxc3 Qxc3 24. Qxc3 Rxc3 25. Bf6 Rc5 26.
h4 h6 27. Re5 Rxe5 28. Bxe5 Bc4 29. Rb4 Bd5 30. Bc7 g5 31. a5 Kf8 32. Kf2 Ke7 33.
Bb6 Kd6 34. Kg3 f6 35. Kg4 e5 36. Kf5 gxh4 37. Rxh4 Rg8 38. Rxh6 Be6+ 39. Kxf6 Rxg2 40. Rh8 Rg3 41. Bc7+ Kd5 42. a6 Rxf3+ 43. Ke7 Bf5 44. a7 Ra3 45. a8=Q+ Rxa8 46. Rxa8 Kd4 47. Ra4+ 1-0

[Event "*** SCC Grand Prix: Titled Tuesday Blitz"]
[Site "Chess.com"]
[Date "2020.07.14"]
[Round "5"]
[White "seorobert1971"]
[Black "Jbd735"]
[Result "0-1"]
[WhiteElo "2740"]
[BlackElo "2456"]
[TimeControl "180+1"]
[EndTime "10:56:41 PDT"]
[Termination "Jbd735 won by resignation"]

1. c4 c6 2. d4 d5 3. Nf3 e6 4. e3 Nf6 5. Nbd2 c5 6. a3 Nc6 7.
cxd5 exd5 8. dxc5 Bxc5 9. b4 Bb6 10. Bb2 O-O 11. Nb3 Bg4 12. Be2 Re8 13. O-O Ne4 14.
Nbd4 Ne7 15. h3 Bh5 16. a4 a6 17. a5 Ba7 18. Rc1 Rc8 19. Qa4 Bb8 20. b5 Qd6 21. Qa3 Rxc1 22. Rxc1 axb5 23. Qxd6 Nxd6 24. Nxb5 Nxb5 25.
Bxb5 Rc8 26. Rb1 Bxf3 27. gxf3 Bc7 28. Bc3 Bh2+ 29. Kxh2 Rxc3 30. Bf1 Rc7 31. Kg3 Kf8 32. Kf4 f6 33. Rb6 d4 34. e4 Nc6 35. a6 bxa6 36. Bxa6 Ne5 37. Rd6 Rc3 38. Be2 d3 39. Bd1 Ke7 40. Rd5 Rc1 41. Ba4 Rg1 42. Bb5 g5+ 43.
Ke3 Re1+ 44. Kd2 Re2+ 45. Kd1 Rxf2 46. Bxd3 Rxf3 0-1

[Event "*** SCC Grand Prix: Titled Tuesday Blitz"]
[Site "Chess.com"]
[Date "2020.07.14"]
[Round "5"]
[White "velemajstor767276"]
[Black "Omk124"]
[Result "0-1"]
[WhiteElo "2520"]
[BlackElo "2379"]
[TimeControl "180+1"]
[EndTime "10:56:41 PDT"]
[Termination "Omk124 won on time"]

1. d4 Nf6 2. Bg5 d5 3. Bxf6 exf6 4. e3 Bd6 5. g3 O-O 6. Bg2 c6 7. Ne2 Bf5 8. O-O Nd7 9. Nd2 Re8 10. c4 dxc4 11. Nxc4 Bf8 12. a4 Nb6 13. Nd2 Bg6 14. a5 Nd5 15. Qb3 Rb8 16. Nc3 Nb4 17. Be4 f5 18.
Bg2 f4 19. gxf4 Bc2 20. Qa3 Bd3 21. Qb3 Bc2 22. Qa3 Bd3 23. Qa4 Bxf1 24. Nxf1 a6 25. Ng3 Qd7 26. Rd1 Rbd8 27. Qb3 Qc7 28. Ra1 Qd6 29. f5 Qc7 30. Nce4 Nd5 31. Qc4 Bb4 32.
f6 g6 33. Nc3 Bxc3 34. bxc3 Nxf6 35. e4 Qe7 36. Rf1 Qe6 37. Qb4 Qe7 38. Qb3 Qc7 39. Qb4 h5 40. e5 Nd5 41. Ne4 Nxb4 42. Nf6+ Kg7 43. cxb4 Re6 0-1

[Event "*** SCC Grand Prix: Titled Tuesday Blitz"]
[Site "Chess.com"]
[Date "2020.07.14"]
[Round "5"]
[White "antoszu"]
[Black "BocharovD"]
[Result "1-0"]
[WhiteElo "2544"]
[BlackElo "2770"]
[TimeControl "180+1"]
[EndTime "10:56:42 PDT"]
[Termination "antoszu won by checkmate"]

1. d4 Nf6 2. c4 e6 3. Nf3 d5 4. Nc3 c6 5. Bg5 Nbd7 6. e3 Qa5 7. cxd5 Nxd5 8. Qd2 Bb4 9. Rc1 h6 10. Bh4 b6 11. Bd3 Ba6 12. O-O Nxc3 13. bxc3 Ba3 14.
Rb1 O-O 15. e4 Rfe8 16. Rfd1 Bxd3 17. Qxd3 Bf8 18. Bg3 b5 19. c4 a6 20. Qc2 c5 21. d5 exd5 22. cxd5 f6 23. e5 fxe5 24. Qf5 Qd8 25. Nxe5 Nxe5 26. Bxe5 Qc8 27. Qf4 Qd7 28. Rb3 c4 29. Rg3 Rac8 30. h3 Rc5 31. Qxh6 Rxe5 32. Rd4 Rcxd5 33. Rh4 Qf5 34. Qh8+ Kf7 35. Rf3 Rd1+ 36.
Kh2 Qxf3 37. gxf3 Ree1 38. Rf4+ Kg6 39. Qxf8 Rh1+ 40. Kg3 Rdg1+ 41. Kh4 Kh7 42. Qf5+ Kh6 43. Qh5# 1-0

[Event "*** SCC Grand Prix: Titled Tuesday Blitz"]
[Site "Chess.com"]
[Date "2020.07.14"]
[Round "5"]
[White "BilodeauA"]
[Black "FabianoCaruana"]
[Result "0-1"]
[WhiteElo "2820"]
[BlackElo "3024"]
[TimeControl "180+1"]
[EndTime "10:56:43 PDT"]
[Termination "FabianoCaruana won by resignation"]

1. e4 c5 2. Nf3 e6 3. d4 cxd4 4. Nxd4 Nc6 5. Nc3 Qc7 6. Be2 Nf6 7. O-O Be7 8. f4 d6 9. Be3 O-O 10. a4 Nxd4 11. Qxd4 b6 12. Bf3 Bb7 13. Rad1 Rad8 14. Qd3 d5 15. e5 Ne4 16. Nb5 Qb8 17. c3 f6 18. exf6 Bxf6 19. g3 Rfe8 20. Bd4 Bc6 21. Bxf6 Nxf6 22. b3 Bxb5 23. axb5 Qc7 24. Rfe1 e5 25.
fxe5 Rxe5 26. Rxe5 Qxe5 27. Qd4 Qf5 28. Qd3 Qg5 29. c4 d4 30. Bd5+ Kh8 31. Qxd4 h5 32.
Qf4 Qg6 33. Qc7 Qe8 34. Qf4 Qe2 35. Rd2 Qe1+ 36. Kg2 Ng4 37. Kh3 Nf6 38. Qf2 Qe5 39.
Bf3 Rf8 40. Re2 Qg5 41. Qe3 Qf5+ 42. Kg2 Ng4 43. Qe4 Qf7 44. h3 Nf6 45. Qf5 Qc7 46. g4 h4 47. g5 Qg3+ 48. Kh1 Nh7 49. Bh5 Rxf5 0-1

[Event "*** SCC Grand Prix: Titled Tuesday Blitz"]
[Site "Chess.com"]
[Date "2020.07.14"]
[Round "5"]
[White "dennisodessa"]
[Black "SuperMagnum"]
[Result "1-0"]
[WhiteElo "2451"]
[BlackElo "2169"]
[TimeControl "180+1"]
[EndTime "10:56:43 PDT"]
[Termination "dennisodessa won on time"]

1. d4 g6 2. c4 Bg7 3. Nc3 d6 4. e4 Nf6 5. f3 O-O 6. Be3 Nbd7 7. Bd3 e5 8. d5 c6 9. Nge2 cxd5 10.
cxd5 a6 11. Qd2 b5 12. b4 Bb7 13. a4 bxa4 14. Nxa4 Rc8 15. O-O Ne8 16. Rfc1 f5 17.
Rxc8 Bxc8 18. Nb2 fxe4 19. fxe4 Ndf6 20. Bxa6 Bxa6 21. Rxa6 Nxe4 22. Qd3 Qf6 23. Ra1 Nf2 24. Qd2 Ng4 25. Bb6 Qh4 26. h3 Nf2 27. Nc3 Ne4 28. Nxe4 Qxe4 29. Re1 Qh4 30. Bf2 Qd8 31. b5 Nf6 32. b6 Nh5 33. Nc4 Nf4 34. Be3 Bh6 35. Rb1 Qg5 36. Bxf4 Qxf4 37. Qxf4 Bxf4 38. b7 Rb8 39. Na5 Be3+ 40. Kh1 Bc5 41. Nc6 1-0

[Event "*** SCC Grand Prix: Titled Tuesday Blitz"]
[Site "Chess.com"]
[Date "2020.07.14"]
[Round "5"]
[White "GOGIEFF"]
[Black "swayamsm"]
[Result "1-0"]
[WhiteElo "2894"]
[BlackElo "2609"]
[TimeControl "180+1"]
[EndTime "10:56:45 PDT"]
[Termination "GOGIEFF won by resignation"]

1. d4 Nf6 2. c4 e6 3. Nc3 Bb4 4. e3 b6 5. Ne2 Ba6 6. a3 Bxc3+ 7. Nxc3 d5 8. b3 O-O 9. Be2 dxc4 10. bxc4 Nc6 11. a4 Na5 12. Ba3 Re8 13. Nb5 Qd7 14. O-O Red8 15. Qc2 Bb7 16. f3 Ne8 17. Rfd1 c6 18.
Nc3 Nd6 19. Qa2 Nf5 20. Kf2 Qc7 21. f4 c5 22. d5 exd5 23. cxd5 c4 24. g4 Nd6 25. Bf3 Nb3 26. Rab1 Nc5 27. Qd2 Rac8 28. Kg3 f5 29. Bxc5 Qxc5 30. Qd4 Rc7 31. Qxc5 Rxc5 32. gxf5 Nxf5+ 33. Kf2 Nh4 34. Bg4 Bc8 35. Bxc8 Rcxc8 36.
e4 Ng6 37. Ke3 Rf8 38. Rf1 Rf7 39. Rbd1 Rcf8 40. Ne2 a6 41. d6 b5 42. axb5 axb5 43.
e5 Nxe5 44. fxe5 Rxf1 45. Rxf1 Rxf1 46. d7 Rd1 47. Nd4 Re1+ 48. Kd2 Kf7 1-0

[Event "*** SCC Grand Prix: Titled Tuesday Blitz"]
[Site "Chess.com"]
[Date "2020.07.14"]
[Round "5"]
[White "iaraldinho"]
[Black "natelleka"]
[Result "1-0"]
[WhiteElo "2548"]
[BlackElo "2133"]
[TimeControl "180+1"]
[EndTime "10:56:45 PDT"]
[Termination "iaraldinho won on time"]

1. e4 e5 2. f3 Nc6 3. Bc4 Bc5 4. d3 Nf6 5. Qe2 Nd4 6. Qd1 d5 7. exd5 Nxd5 8. c3 Nf5 9. Bxd5 Qxd5 10. Qe2 O-O 11. b4 Bd6 12. Nd2 a5 13. bxa5 Qxa5 14. Bb2 Qb6 15. Nc4 Qa6 16. Nxd6 Nxd6 17. c4 Bf5 18.
Qd2 Rad8 19. Qc3 Rfe8 20. Ne2 Nc8 21. Nc1 Qb6 22. c5 Qb5 23. a4 Qa6 24. Ra3 Ne7 25. O-O Nd5 26. Qb3 Nf4 27. Rd1 Qg6 28. Qc2 h5 29. Kh1 h4 30. Qf2 h3 31. g3 Nxd3 32. Nxd3 Bxd3 33. Raa1 e4 34. Re1 exf3 35. Rxe8+ Rxe8 36. Re1 Re2 37. Rxe2 fxe2 38. Bc3 Qc6+ 39. Kg1 1-0

[Event "*** SCC Grand Prix: Titled Tuesday Blitz"]
[Site "Chess.com"]
[Date "2020.07.14"]
[Round "5"]
[White "Stosk"]
[Black "ClassyEl"]
[Result "0-1"]
[WhiteElo "2334"]
[BlackElo "2534"]
[TimeControl "180+1"]
[EndTime "10:56:45 PDT"]
[Termination "ClassyEl won on time"]

1. e4 d6 2. d4 Nf6 3. Nc3 c6 4. Bg5 b5 5. a3 Nbd7 6. f4 h6 7. Bh4 e5 8. fxe5 dxe5 9. dxe5 g5 10.
Bg3 Ng8 11. e6 fxe6 12. Qh5+ Ke7 13. O-O-O Qe8 14. Bd6+ Kd8 15. Bc7+ Ke7 16. Qf3 Ngf6 17. Bxb5 g4 18. Qf4 cxb5 19. e5 h5 20. exf6+ Nxf6 21. Qe5 Bb7 22. Bd6+ Kf7 23. Rf1 Bg7 24. Nge2 Bxg2 25.
Ne4 Bxe4 26. Qxe4 Rc8 27. Be5 Qc6 28. Nc3 Rh6 29. Qd4 a6 30. Kb1 a5 31. Qa7+ Kg8 32. Qxa5 Ne4 33. Bxg7 Kxg7 34. Qa7+ Kg8 35. Qf7+ Kh8 36.
Nxe4 Qxc2+ 37. Ka1 Qxe4 38. Re1 Qf5 39. Qd7 Rf8 40. Qd6 Rh7 41. Qd4+ Kg8 42. Qc3 Rhf7 43. Qb3 Qd5 44. Qc3 Rf2 45. Qc2 Rxc2 0-1

[Event "*** SCC Grand Prix: Titled Tuesday Blitz"]
[Site "Chess.com"]
[Date "2020.07.14"]
[Round "5"]
[White "Tekushka"]
[Black "dodorox"]
[Result "1/2-1/2"]
[WhiteElo "2356"]
[BlackElo "2138"]
[TimeControl "180+1"]
[EndTime "10:56:45 PDT"]
[Termination "Game drawn by repetition"]

1. d4 Nf6 2. c4 e6 3. Nf3 d5 4.
Nc3 Bb4 5. cxd5 exd5 6. Bg5 h6 7. Bh4 O-O 8. e3 c6 9. Bd3 Bg4 10. h3 Bxf3 11. Qxf3 Nbd7 12. O-O Re8 13. Qd1 Qa5 14.
Qc2 Bxc3 15. bxc3 g5 16. Bg3 Ne4 17. Bh2 Nxc3 18. Qb3 Nb6 19. Bd6 Ne4 20. Bb4 Qa4 21. Rfb1 Qxb3 22. Rxb3 Nc4 23. a4 b5 24. axb5 cxb5 25.
Be1 a6 26. Ra2 Rec8 27. Rb1 f5 28. Rba1 Rc6 29. f3 Ned6 30. Bg3 Nxe3 31. Bxd6 Rxd6 32. Bxb5 Rad8 33. Bxa6 Ra8 34. Bd3 Rxa2 35. Rxa2 f4 36. Ra8+ Kg7 37. Ra7+ Kg8 38. Ra8+ Kg7 39. Ra7+ Kg8 40.
Ra2 Kg7 41. Kf2 Kg8 42. Ke2 Kg7 43. Kf2 Kg8 44. Ra8+ Kg7 45. Ra7+ Kg8 46. Ra8+ Kg7 47. Ra7+ Kg8 48. Ra8+ 1/2-1/2

[Event "*** SCC Grand Prix: Titled Tuesday Blitz"]
[Site "Chess.com"]
[Date "2020.07.14"]
[Round "5"]
[White "LyonBeast"]
[Black "theblitzchamp"]
[Result "1-0"]
[WhiteElo "3022"]
[BlackElo "2643"]
[TimeControl "180+1"]
[EndTime "10:56:46 PDT"]
[Termination "LyonBeast won by checkmate"]

1. Nf3 Nf6 2. g3 d5 3. Bg2 c6 4. O-O e6 5. b3 Bd6 6. Bb2 Nbd7 7.
d3 O-O 8. Nbd2 e5 9. e4 Qe7 10. exd5 cxd5 11. Re1 Bc7 12. c4 Re8 13. cxd5 Nxd5 14.
Rc1 Qd8 15. d4 exd4 16. Rxe8+ Qxe8 17. Nxd4 N7f6 18. h3 Bb6 19. Nc4 Bc7 20. Qd2 Bd7 21. Re1 Qf8 22. Ba3 Qc8 23. Kh2 b5 24. Nd6 Bxd6 25.
Bxd6 Qa6 26. Be5 Re8 27. f4 h6 28. Rc1 b4 29. Bxf6 Nxf6 30. Qxb4 Qxa2 31. Rc2 Qa1 32. Qc3 Qb1 33. Rc1 Qa2 34. Qc2 Qa5 35. Nf3 Qh5 36.
Qc5 Qxc5 37. Rxc5 Re2 38. Kg1 Rb2 39. Nd4 Rd2 40. Rc4 Rd3 41. g4 a5 42. Bf1 Rd1 43.
Kg2 Nd5 44. Kf2 Nxf4 45. Nf3 Rb1 46. Rxf4 Rxb3 47. Bc4 Rb2+ 48. Kg3 Be8 49. Ne5 a4 50. Nxf7 Kh7 51. Nd6 Bc6 52. Bd3+ Kg8 53. Rc4 Bd7 54. Rc3 Be6 55. Kf4 Rb4+ 56. Ke5 Bd7 57. Bc4+ Kh7 58.
Kd4 Rb6 59. Kc5 Rc6+ 60. Kd5 Rb6 61. Bd3+ Kg8 62. Rc7 Be8 63. Rc8 a3 64. Rxe8# 1-0

[Event "*** SCC Grand Prix: Titled Tuesday Blitz"]
[Site "Chess.com"]
[Date "2020.07.14"]
[Round "5"]
[White "vladislavkovalev"]
[Black "TimKett"]
[Result "1-0"]
[WhiteElo "2896"]
[BlackElo "2161"]
[TimeControl "180+1"]
[EndTime "10:56:46 PDT"]
[Termination "vladislavkovalev won by resignation"]

1. e4 e5 2. Nf3 Nc6 3. Bb5 a6 4. Ba4 Nf6 5. O-O Be7 6. d3 b5 7. Bb3 d6 8. a3 O-O 9. Nc3 h6 10. Nd5 Nxd5 11. Bxd5 Bb7 12. a4 Na5 13. axb5 axb5 14.
Rxa5 Bxd5 15. Rxb5 Bc6 16. Rb3 Ra1 17. Ra3 Rb1 18.
Nd2 Rxc1 19. Qxc1 d5 20. Ra1 f5 21. Re1 fxe4 22. dxe4 Bc5 23. Re2 Qh4 24. Qe1 dxe4 25. Nc4 Qg5 26. Ne3 Qf4 27. Rd1 Kh7 28. Red2 Rf6 29.
g3 Qg5 30. Qe2 Rf3 31. Re1 h5 32. Qf1 h4 33. Qh3 Bxe3 34. Rxe3 Rxe3 35. fxe3 Qxe3+ 36. Rf2 Qe1+ 37. Rf1 Qe3+ 38. Kh1 Kg6 39. Qe6+ Kh7 40. Qxc6 hxg3 41. Qe6 Qe2 42. Qh3+ Kg8 43. Qg2 1-0

[Event "*** SCC Grand Prix: Titled Tuesday Blitz"]
[Site "Chess.com"]
[Date "2020.07.14"]
[Round "5"]
[White "WPWPWP-2015"]
[Black "chessdjw"]
[Result "0-1"]
[WhiteElo "2425"]
[BlackElo "2659"]
[TimeControl "180+1"]
[EndTime "10:56:46 PDT"]
[Termination "chessdjw won on time"]

1. e4 e5 2. Nf3 Nc6 3. Bb5 a6 4. Ba4 Nf6 5. O-O Nxe4 6. d4 b5 7. Bb3 d5 8. dxe5 Be6 9. Be3 Be7 10. Nbd2 O-O 11. c3 Bf5 12. Qe2 Nc5 13. Bxc5 Bxc5 14.
Rfd1 Re8 15. a4 b4 16. h3 bxc3 17. bxc3 Na5 18. Ba2 Bg6 19. Nf1 c6 20. Nd4 Qg5 21. Re1 Be4 22. f3 Bg6 23. g3 Ba7 24. Kh2 c5 25. f4 Qd8 26. Nf3 c4 27. Rad1 Bd3 28. Qg2 Rb8 29. Ne3 Qd7 30. Bb1 Bxb1 31. Nxd5 Bd3 32.
Nb4 Nb3 33. Qa2 Nc5 34. Nd4 Rxb4 35. cxb4 Qxd4 36. bxc5 Bxc5 37. Qg2 h5 38. h4 Rb8 39. f5 Rb2 40. Rd2 Rxd2 41. Qxd2 c3 42. Qd1 Bxf5 43.
Qxd4 Bxd4 44. Rd1 c2 45. Rc1 Be3 0-1